 Dungeon Crawl Stone Soup version 0.29-a0-284-gf9362112df (webtiles) character file.

Game seed: 382907985355609405

9 siradein the Grave Robber (level 2, -1/15 HPs)
             Began as a Gargoyle Necromancer on Mar 22, 2022.
             Slain by a hobgoblin (3 damage)
             ... on level 1 of the Dungeon.
             The game lasted 00:01:10 (720 turns).

siradein the Grave Robber (Gargoyle Necromancer)     Turns: 720, Time: 00:01:10

Health: -1/15      AC:  4    Str: 11    XL:     2   Next: 12%
Magic:  4/5        EV: 12    Int: 15    God:
Gold:   0          SH:  0    Dex: 10    Spells: 4/5 levels left

rFire   . . .      SeeInvis .   c - +0 club
rCold   . . .      Faith    .   (no shield)
rNeg    + . .      Spirit   .   a - +0 robe
rPois   ∞          Reflect  .   (no helmet)
rElec   +          Harm     .   (no cloak)
rCorr   .          Rampage  .   (no gloves)
Will    .....                   (no boots)
Stlth   ++........              (no amulet)
HPRegen 0.05/turn               (no ring)
MPRegen 0.09/turn               (no ring)

@: no status effects
A: sickness immunity, AC +2, negative energy resistance 1, electricity
resistance, torment resistance 1, petrification resistance
a: no special abilities


You were on level 1 of the Dungeon.
You visited 1 branch of the dungeon, and saw 1 of its levels.

Inventory:

Hand Weapons
 c - a +0 club (weapon)
Armour
 a - a +0 robe (worn)
Potions
 b - a potion of magic


   Skills:
 + Level 0.3 Fighting
 + Level 0.0 Maces & Flails
 + Level 0.4 Armour
 + Level 1.6 Dodging
 - Level 2.1 Stealth
 + Level 2.1 Spellcasting
 * Level 3.4 Necromancy


You had 4 spell levels left.
You knew the following spells:

 Your Spells              Type           Power      Damage    Failure   Level
a - Pain                  Necr           44%        1d6       5%          1

Your spell library contained the following spells:

 Spells                   Type           Power      Damage    Failure   Level
 Animate Skeleton         Necr           22%        N/A       5%          1
 Vampiric Draining        Necr           11%        2d6       16%         3
 Animate Dead             Necr           5%         N/A       47%         4
 Agony                    Necr           11%        N/A       83%         5


Dungeon Overview and Level Annotations

Branches:
Dungeon (1/15)

Altars:

Shops:
D:1 =


Innate Abilities, Weirdness & Mutations

You are immune to sickness and miasma.
Your stone body is resilient. (AC +2)
You are immune to poison.
You resist negative energy. (rN+)
You are resistant to electric shocks. (rElec)
You are resistant to unholy torment.
You are immune to petrification.


Message History

You kill the kobold!
Things that are here:
a +0 club; a kobold corpse
c - a +0 club (weapon)
Setting a skill training target for Maces & Flails at 14.0.
An endoplasm comes into view.
An endoplasm is nearby!
An endoplasm is nearby!
An endoplasm is nearby!
An endoplasm is nearby! 2 hobgoblins come into view.
Found a faded altar of an unknown god.
The hobgoblin shouts!
The endoplasm quivers.
The hobgoblin shouts!
You hit the endoplasm.
The endoplasm is severely wounded.
The endoplasm freezes you.
You are frozen.
Ouch! That really hurt!
You are too injured to fight recklessly!
The endoplasm attacks as you move away! The endoplasm closely misses you.
The hobgoblin attacks as you move away! The hobgoblin closely misses you.
The endoplasm attacks as you move away!
The endoplasm hits you but does no damage.
The hobgoblin attacks as you move away! The hobgoblin hits you.
* * * LOW HITPOINT WARNING * * *
You hit the hobgoblin.
You kill the hobgoblin!
The endoplasm hits you but does no damage.
You have reached level 2!
Casting: Pain (safe; 5% risk of failure)
Confirm with . or Enter, or press ? or * to list all spells.
Aiming: Pain (safe; 5% risk of failure)
Press: ? - help, Shift-Dir - straight line, f - endoplasm
Aim: an endoplasm (severely wounded, chance to affect: 80%)
The endoplasm writhes in agony.
You kill the endoplasm!
You barely miss the hobgoblin. The hobgoblin hits you.
You die...

#...♣..... #.......#
#.......# #.......##+
###.#..........
........###....
###.###.# . #.##. #
#g# #.##.
#.###@######### #.##.
#.............# #.##.
###.#########.####.##.
...........#.#.......
####.####.............
########.#
#.#.#.#.#.....
#........#
#.#.#.#.#...## .
+........#
#.#.#.#....... ..
#........#
#.#.#.###÷####


You could see a hobgoblin.

Vanquished Creatures
  An endoplasm (D:1)
  A hobgoblin (D:1)
  A quokka (D:1)
  A bat (D:1)
  A frilled lizard (D:1)
  3 kobolds (D:1)
  A rat (D:1)
9 creatures vanquished.

Notes
Turn   | Place    | Note
-------+----------+-------------------------------------------
     0 | D:1      | siradein the Gargoyle Necromancer began the quest for the
                  | Orb.
     0 | D:1      | Reached XP level 1. HP: 10/10 MP: 3/3
   469 | D:1      | Found Nepie's Jewellery Boutique.
   710 | D:1      | Found a faded altar of an unknown god.
   719 | D:1      | Reached XP level 2. HP: 3/15 MP: 5/5
   720 | D:1      | Slain by a hobgoblin

Illustrated notes

Levels and vault maps discovered:
D:1:      grunt_arrival_crossed_arrows, layout_basic,
          chequers_ecumenical_altar_simple, serial_shops, shop

Action                   || total
-------------------------++-------
Melee: Unarmed           ||     9
       Club              ||     3
 Cast: Pain              ||    14
Armor: Robe              ||     4
Dodge: Dodged            ||    12

Table legend: (Time is in decaauts)
 A = Elapsed time spent in this place.
 B = Non-inter-level travel time spent in this place.
 C = Inter-level travel time spent in this place.
 D = Time resting spent in this place.
 E = Time spent auto-exploring this place.
 F = Levels seen in this place.
 G = Mean time per level.
                   A        B        C        D        E       F      G
               +--------+--------+--------+--------+--------+-----+--------+
         Total |    720 |    720 |      0 |      0 |    666 |   1 |  720.0 |
       Dungeon |    720 |    720 |      0 |      0 |    666 |   1 |  720.0 |
               +--------+--------+--------+--------+--------+-----+--------+

Top non-repeatable levels by time:
     D:1: 720 daAuts
